AoeStats
← ikerrubio

Arena

508759797Analyzed
1v1 RM · 10d ago on Sep 23, 2026· 41m 59s· 2 players
Game mode
Random Map
Map size
Tiny (2 player)
Population
200
Speed
Normal
Resources
Standard
Victory
Conquest
Starting age
Dark Age
Ending age
Imperial Age
RankedLock teamsTeams togetherTeam positionsShared explorationLock speedFull tech treeHidden civsTurbo modeCheats
Victory
Defeat
🇧🇷 Bohemians · Brazil
713
+17
🇪🇸 Spanish · Spain
744
-17
Tomate
8:20 Loom
10:32 Feudal Age
11:20 Double-Bit Axe
12:07 Horse Collar
22:26 Castle Age
22:16 Fletching
22:14 Town Watch
22:37 Pikeman
22:41 Elite Skirmisher
25:25 Padded Archer Armor
25:26 Scale Mail Armor
28:51 Wheelbarrow
29:43 Leather Archer Armor
30:23 Squires
35:15 Imperial Age
35:24 Bodkin Arrow
35:39 Forging
38:02 Halberdier
38:17 Light Cavalry
40:18 Ring Archer Armor
40:56 Husbandry
ikerrubio
12:24 Feudal Age
14:08 Double-Bit Axe
14:05 Horse Collar
16:10 Wheelbarrow
19:14 Bloodlines
22:41 Castle Age
20:42 Stone Mining
21:54 Forging
21:55 Scale Barding Armor
22:35 Fletching
22:45 Padded Archer Armor
23:42 Husbandry
25:26 Bodkin Arrow
25:30 Loom
26:52 Elite Skirmisher
32:29 Leather Archer Armor
34:46 Gold Mining
36:31 Stone Shaft Mining
35:50 Town Watch
36:56 Hand Cart
40:51 Imperial Age
41:35 Chain Barding Armor
41:50 Iron Casting
42:11 Conscription
Connection lost

Rejoining the realm…

Still unreachable

The connection could not be restored.

Session expired

The server has moved on; the page needs a fresh start.